Map: Simulacrum LE

Players

KylonB

  • Race: Protoss Protoss
  • Spawn Location: 11:00

ViBE - Winner!

  • Race: Zerg Zerg
  • League: Bronze
  • Spawn Location: 5:00

VOD

https://www.youtube.com/watch?v=kuS_PgtyAP8&list=PLFeZeom2b4DmHduNHeFj-6PfoasuSQn3P&index=2

Description

Time

  • Played on: Dec. 4, 2019, 6:31 p.m.
  • Length: 10:27
Show
View Real Time Build Order
Export as new Build Order

KylonB Protoss 

Build Orders:  

Get SALT Encoding   

  12  0:01  Probe  
  13  0:13  Probe  
  14  0:19  Pylon  
  14  0:24  Pylon  
  14  0:26  Probe  
  15  0:42  Probe  
  16  0:44  Gateway  
  16  0:52  Pylon  
  16  0:55  Assimilator  
  16  1:03  Probe (Chrono Boost), Assimilator  
  17  1:13  Probe (Chrono Boost)  
  17  1:18  Probe (Chrono Boost)  
  19  1:29  Probe (Chrono Boost)  
  20  1:35  Cybernetics Core  
  20  1:36  Zealot  
  20  1:39  Probe (Chrono Boost)  
  23  1:44  Probe (Chrono Boost)  
  24  1:56  Probe  
  25  2:07  Zealot  
  27  2:13  Forge  
  27  2:15  Warp Gate  
  27  2:23  Stargate  
  27  2:27  Probe  
  28  2:35  Stalker  
  30  2:39  Probe  
  31  2:53  Pylon  
  31  3:08  Nexus  
  31  3:11  Probe  
  32  3:41  Probe, Assimilator  
  32  3:43  Assimilator  
  33  3:53  Probe  
  34  3:58  Fleet Beacon  
  34  4:05  Probe  
  34  4:08  Pylon  
  35  4:17  Stargate  
  35  4:19  Stargate  
  35  4:20  Probe (Chrono Boost)  
  35  4:24  Probe (Chrono Boost)  
  38  4:34  Probe x2 (Chrono Boost)  
  39  4:38  Probe (Chrono Boost)  
  39  4:43  Void Ray  
  44  4:51  Probe (Chrono Boost)  
  46  5:00  Probe (Chrono Boost)  
  47  5:08  Probe (Chrono Boost)  
  47  5:09  Probe (Chrono Boost)  
  48  5:14  Probe x2 (Chrono Boost)  
  48  5:17  Cybernetics Core, Twilight Council  
  50  5:26  Protoss Shields Level 1, Twilight Council  
  50  5:43  Robotics Facility  
  50  5:57  Probe  
  51  6:08  Protoss Air Weapons Level 1  
  51  6:09  Probe, Protoss Air Armor Level 1  
  52  6:21  Probe  
  52  6:23  Nexus  
  52  6:25  Assimilator  
  53  6:26  Assimilator  
  53  6:29  Pylon  
  53  6:32  Pylon  
  53  6:33  Probe  
  54  6:40  Tempest  
  54  6:45  Probe  
  60  6:47  Void Ray, Tempest  
  60  6:53  Photon Cannon  
  69  6:55  Photon Cannon  
  69  6:59  Probe (Chrono Boost)  
  71  7:10  Probe (Chrono Boost)  
  71  7:11  Probe (Chrono Boost)  
  72  7:19  Probe (Chrono Boost)  
  72  7:20  Probe (Chrono Boost)  
  74  7:24  Probe (Chrono Boost)  
  74  7:26  Pylon, Probe (Chrono Boost)  
  76  7:34  Probe  
  77  7:40  Probe (Chrono Boost)  
  79  7:44  Probe (Chrono Boost)  
  80  7:52  Probe (Chrono Boost)  
  80  7:54  Probe (Chrono Boost)  
  81  7:59  Probe (Chrono Boost)  
  82  8:08  Void Ray x2  
  82  8:09  Void Ray  
  82  8:10  Probe  
  95  8:20  Probe (Chrono Boost)  
  95  8:25  Probe (Chrono Boost)  
  97  8:31  Probe (Chrono Boost)  
  97  8:33  Probe (Chrono Boost)  
  99  8:36  Probe (Chrono Boost)  
  100  8:58  Pylon  
  100  9:05  Pylon, Observer  
  100  9:06  Pylon  
  100  9:09  Pylon  
  101  9:13  Photon Cannon  
  101  9:14  Pylon  
  101  9:15  Photon Cannon  
  101  9:16  Pylon  
  101  9:17  Photon Cannon  
  101  9:21  Photon Cannon  
  101  9:24  Shield Battery  
  101  9:26  Observer, Shield Battery  
  102  9:53  Nexus  
  102  9:55  Pylon  
  102  9:57  Assimilator  
  102  9:58  Pylon, Assimilator  
Show
View Real Time Build Order
Export as new Build Order

ViBE Zerg - Winner!

Build Orders: Hatch First, Roach Hydra 

Get SALT Encoding   

  12  0:01  Drone  
  13  0:13  Overlord  
  13  0:30  Drone  
  13  0:33  Drone x2  
  16  0:42  Drone  
  17  0:54  Hatchery  
  16  0:57  Drone  
  16  1:03  Drone  
  18  1:15  Spawning Pool  
  18  1:18  Drone  
  18  1:24  Drone  
  19  1:34  Drone  
  19  1:38  Extractor  
  19  1:48  Drone  
  20  2:04  Queen  
  20  2:06  Queen  
  20  2:07  Overlord  
  25  2:08  Drone x2  
  26  2:17  Overlord  
  26  2:29  Drone x3  
  29  2:41  Drone  
  29  2:42  Drone, Lair  
  31  2:44  Queen  
  33  2:54  Drone x2  
  35  3:00  Drone  
  35  3:01  Drone  
  37  3:08  Roach Warren  
  36  3:15  Drone  
  36  3:16  Drone x7  
  44  3:21  Extractor  
  44  3:23  Extractor  
  42  3:28  Overlord  
  42  3:40  Evolution Chamber  
  41  3:43  Drone  
  41  3:44  Drone x2  
  44  3:48  Drone x3  
  44  3:49  Drone  
  44  3:55  Overlord x2  
  48  3:56  Roach  
  48  3:57  Roach  
  52  4:13  Glial Reconstitution  
  52  4:14  Hatchery  
  52  4:15  Roach x2, Zerg Missile Weapons Level 1  
  57  4:17  Roach  
  59  4:24  Roach x2  
  59  4:25  Roach  
  59  4:27  Roach  
  65  4:38  Roach, Overlord x2  
  67  4:40  Drone  
  68  4:57  Drone  
  68  4:58  Drone x8  
  77  5:01  Drone  
  77  5:05  Drone  
  79  5:11  Overlord  
  79  5:16  Hydralisk Den  
  79  5:19  Evolution Chamber  
  77  5:26  Drone x8  
  85  6:10  Drone x7  
  85  6:11  Drone  
  93  6:12  Extractor, Overlord  
  93  6:13  Overlord x3  
  93  6:14  Extractor  
  91  6:29  Zerg Missile Weapons Level 2  
  91  6:31  Hatchery, Zerg Ground Armor Level 1  
  91  6:32  Grooved Spines  
  90  6:35  Drone x10  
  90  6:36  Drone  
  101  6:54  Extractor  
  101  6:58  Hatchery  
  101  6:59  Drone x7  
  101  7:00  Drone  
  107  7:02  Drone x3  
  110  7:10  Hatchery  
  109  7:28  Hydralisk x10  
  109  7:29  Overlord  
  129  7:30  Overlord  
  129  7:31  Overlord x2  
  129  7:35  Overlord x4  
  129  7:41  Extractor  
  129  7:43  Muscular Augments, Extractor  
  127  7:53  Hydralisk  
  127  7:54  Hydralisk x6  
  127  7:55  Hatchery  
  127  7:58  Hydralisk  
  140  8:01  Hydralisk x4  
  150  8:16  Hydralisk  
  150  8:17  Hydralisk x6  
  164  8:22  Drone  
  164  8:23  Drone x2, Infestation Pit  
  166  8:42  Drone x3  
  166  8:43  Drone x3  
  172  9:02  Hydralisk x8  
  172  9:03  Hydralisk x6  
  200  9:11  Hive  
  200  9:21  Spire  
  199  9:24  Drone  
Tags
 
Add a new tag
Caveats
  • Supply blocks, unpowered buildings, or Contaminate may cause inaccurate times.
  • Supply counts are checked every 10 seconds.